Map: Distretto abbandonato

Players

aike

  • Race: Protoss Protoss
  • Spawn Location: 3:00

vetal

  • Race: Terran Terran
  • Spawn Location: 6:00

NavyBlue

  • Race: Terran Terran
  • League: Silver
  • Spawn Location: 6:00

MONTANA

  • Race: Protoss Protoss
  • Spawn Location: 7:00

WrathCrusade - Winner!

  • Race: Protoss Protoss
  • Spawn Location: 12:00

Jhyrachy - Winner!

  • Race: Zerg Zerg
  • League: Gold
  • Spawn Location: 9:00

Jagolas - Winner!

  • Race: Protoss Protoss
  • Spawn Location: 3:00

Peta - Winner!

  • Race: Protoss Protoss
  • Spawn Location: 12:00

VOD

Have the link to the VOD?

Description

Time

  • Played on: April 14, 2016, 9:38 a.m.
  • Length: 20:10
Show
View Real Time Build Order
Export as new Build Order

aike Protoss 

Build Orders:  

Get SALT Encoding   

  12  0:35  Probe (Chrono Boost)  
  13  0:45  Probe (Chrono Boost)  
  14  0:56  Probe (Chrono Boost)  
  15  1:12  Pylon  
  15  1:24  Nexus  
  15  1:31  Probe (Chrono Boost)  
  16  1:38  Pylon  
  16  1:41  Probe (Chrono Boost)  
  17  1:47  Pylon  
  17  1:52  Probe (Chrono Boost)  
  18  1:58  Forge  
  18  2:03  Probe (Chrono Boost)  
  19  2:10  Gateway  
  19  2:13  Probe (Chrono Boost)  
  20  2:24  Probe (Chrono Boost)  
  21  2:34  Probe (Chrono Boost)  
  22  2:37  Pylon  
  22  2:42  Photon Cannon  
  22  2:45  Photon Cannon  
  22  2:57  Photon Cannon  
  22  3:01  Cybernetics Core  
  22  3:06  Pylon  
  22  3:09  Pylon  
  22  3:12  Probe (Chrono Boost)  
  23  3:20  Assimilator  
  23  3:23  Probe (Chrono Boost)  
  24  3:27  Photon Cannon  
  24  3:33  Probe (Chrono Boost)  
  24  3:34  Photon Cannon  
  25  3:36  Assimilator  
  25  3:43  Photon Cannon  
  25  3:44  Probe (Chrono Boost)  
  26  3:54  Probe (Chrono Boost)  
  27  3:58  Assimilator  
  27  4:02  Assimilator  
  27  4:05  Probe (Chrono Boost)  
  27  4:08  Photon Cannon  
  28  4:14  Pylon  
  28  4:15  Probe (Chrono Boost)  
  29  4:26  Probe (Chrono Boost)  
  29  4:30  Pylon  
  30  4:39  Probe (Chrono Boost)  
  31  4:46  Stargate  
  31  4:50  Probe (Chrono Boost)  
  32  4:53  Stargate  
  32  5:00  Probe (Chrono Boost)  
  32  5:01  Pylon  
  33  5:07  Robotics Facility  
  33  5:11  Probe (Chrono Boost), Pylon  
  34  5:20  Stargate  
  34  5:22  Probe (Chrono Boost)  
  35  5:46  Void Ray (Chrono Boost)  
  35  5:49  Void Ray (Chrono Boost)  
  43  6:01  Observer  
  44  6:14  Void Ray (Chrono Boost)  
  48  6:22  Observer  
  48  6:23  Pylon  
  48  6:25  Pylon  
  53  6:38  Void Ray (Chrono Boost)  
  53  6:39  Photon Cannon  
  53  6:40  Photon Cannon  
  53  6:44  Observer  
  58  6:51  Void Ray (Chrono Boost)  
  58  6:53  Pylon  
  58  7:19  Void Ray (Chrono Boost)  
  58  7:21  Void Ray (Chrono Boost)  
  70  7:40  Void Ray (Chrono Boost)  
  62  8:34  Void Ray (Chrono Boost)  
  62  8:40  Void Ray x2 (Chrono Boost)  
  70  9:12  Void Ray (Chrono Boost)  
  74  9:23  Void Ray x2 (Chrono Boost)  
  82  9:49  Void Ray (Chrono Boost)  
  94  10:09  Void Ray x2 (Chrono Boost)  
  94  10:26  Void Ray (Chrono Boost)  
  102  10:52  Void Ray (Chrono Boost)  
  102  11:38  Void Ray (Chrono Boost)  
  114  11:43  Void Ray (Chrono Boost)  
  114  11:44  Void Ray (Chrono Boost)  
  114  12:15  Void Ray (Chrono Boost)  
  126  12:26  Void Ray x2 (Chrono Boost)  
  125  12:52  Void Ray (Chrono Boost)  
  125  12:53  Pylon  
  125  12:56  Pylon  
  129  12:59  Pylon  
  133  13:09  Void Ray (Chrono Boost)  
  133  13:29  Void Ray (Chrono Boost)  
  132  14:45  Stargate  
  132  14:48  Stargate  
  132  14:51  Stargate  
  132  14:54  Nexus  
  132  14:55  Stargate  
  132  15:30  Stargate  
  132  15:32  Photon Cannon  
  132  15:34  Photon Cannon  
  131  15:38  Photon Cannon  
  131  15:40  Photon Cannon  
  131  15:47  Photon Cannon  
  131  15:50  Photon Cannon  
  91  17:53  Void Ray (Chrono Boost)  
  91  17:54  Void Ray (Chrono Boost)  
  91  17:55  Void Ray (Chrono Boost)  
  91  17:56  Void Ray (Chrono Boost)  
Show
View Real Time Build Order
Export as new Build Order

vetal Terran 

Build Orders:  

Get SALT Encoding   

  12  0:02  SCV  
  14  0:14  SCV  
  14  0:26  SCV  
  15  0:33  Supply Depot  
  15  0:55  SCV  
  16  0:57  Barracks  
  16  1:07  SCV  
  16  1:09  Supply Depot  
  17  1:17  Refinery  
  17  1:19  SCV  
  18  1:31  SCV, Barracks  
  19  1:43  SCV  
  19  1:46  Refinery  
  20  1:55  SCV  
  21  2:01  Barracks Reactor  
  21  2:07  SCV  
  22  2:17  Command Center  
  22  2:19  SCV  
  22  2:20  Barracks Reactor  
  23  2:40  SCV  
  24  2:45  Factory  
  24  2:47  Marine x2  
  26  2:56  SCV  
  27  3:03  Marine  
  27  3:04  Marine  
  27  3:05  Marine x2  
  31  3:28  Marine, SCV  
  31  3:31  Supply Depot  
  31  3:33  Starport  
  33  3:38  SCV  
  33  3:40  SCV  
  35  3:42  Marine  
  35  3:48  Marine  
  37  3:49  Marine  
  37  3:50  SCV  
  37  3:52  Marine  
  37  3:54  Supply Depot  
  40  3:56  SCV  
  42  4:02  SCV  
  42  4:10  Starport Reactor  
  42  4:11  Engineering Bay  
  42  4:12  Marine  
  42  4:13  Marine  
  42  4:17  Marine  
  44  4:20  SCV  
  46  4:43  Orbital Command  
  46  4:45  Terran Infantry Weapons Level 1  
  46  4:49  Engineering Bay  
  46  4:50  Medivac x2  
  50  5:03  Refinery  
  50  5:04  SCV  
  50  5:06  Marine  
  52  5:17  Terran Infantry Armor Level 1  
  52  5:20  Armory, Medivac x2  
  56  5:23  Marine  
  56  5:24  Marine x2  
  56  5:27  SCV  
  60  5:29  Refinery, SCV  
  61  5:39  SCV  
  62  5:53  Supply Depot  
  62  6:14  Marine x4, Medivac  
  62  6:15  SCV x2  
  62  6:16  Supply Depot  
  70  6:19  Barracks  
  70  6:33  Missile Turret  
  70  6:34  Missile Turret  
  70  6:37  SCV x2  
  70  6:38  Supply Depot  
  72  6:46  Terran Infantry Weapons Level 2  
  72  6:50  Marine x3  
  72  6:51  Marine  
  76  6:55  Missile Turret x2  
  76  7:06  Barracks Tech Lab  
  76  7:08  Marine x4  
  77  7:10  Barracks  
  80  7:26  Marine x3  
  83  7:56  Medivac  
  85  7:59  Marine  
  85  8:01  Barracks Reactor  
  85  8:03  Combat Shields  
  85  8:04  Marine  
  85  8:05  Marine x2  
  86  8:08  Medivac  
  86  8:15  Supply Depot  
  86  8:16  Supply Depot  
  86  8:17  Marine  
  84  8:26  Medivac  
  71  8:37  Supply Depot  
  71  8:38  Supply Depot, Medivac  
  66  8:46  Marine x5  
  69  8:51  Marine x2  
  71  8:59  Supply Depot  
  71  9:00  Supply Depot  
  71  9:04  Marine x5  
  71  9:09  Marine x2  
  76  9:21  Marine  
  76  9:22  Missile Turret, Marine x4, Stimpack  
  76  9:23  Supply Depot  
  81  9:25  Missile Turret  
  81  9:27  Marine x2  
  83  9:39  Marine x2, Medivac x2  
  83  9:40  Marine x3  
  83  9:44  Marine  
  83  9:45  Marine  
  94  9:47  Missile Turret, Terran Infantry Weapons Level 3  
  92  9:57  Marine x3  
  92  9:58  Marine x2  
  97  10:02  Marine x2  
  93  10:15  Marine x4  
  93  10:16  Marine  
  93  10:20  Marine x2  
  100  10:33  Marine  
  101  10:51  Marine x3  
  101  10:52  Marine x2  
  101  10:56  Marine x2  
  108  11:00  Medivac x2  
  112  11:09  Marine x4  
  112  11:10  Marine  
  117  11:14  Marine x2  
  119  11:27  Marine x5  
  119  11:30  Medivac  
  119  11:32  Marine x2  
  128  11:44  Marine x2  
  128  11:45  Marine x3  
  133  11:50  Marine x2  
  118  12:06  Marine x4  
  99  12:11  Marine x3  
  102  12:24  Marine x4  
  102  12:29  Marine x3  
  108  12:41  Marine  
  108  12:42  Marine x3  
  103  12:46  Marine  
  103  12:47  Marine x2  
  64  12:59  Marine x2  
  64  13:00  Marine x2  
  26  14:11  Barracks x3  
  26  14:13  Barracks  
  26  14:30  Command Center  
  26  14:50  Engineering Bay  
  26  15:12  Barracks Reactor x3  
  26  15:13  Barracks Reactor  
  22  15:59  Marine  
  22  16:00  Marine x3  
  28  16:09  Marine  
  28  16:10  Marine  
  28  16:17  Marine  
  27  16:29  Barracks Reactor  
  28  16:36  Barracks Reactor  
  27  17:03  Planetary Fortress  
  27  17:34  Refinery  
  27  17:40  Marine x4  
  27  17:41  Marine x2  
  33  18:07  Marine x4  
  33  18:08  Marine x2  
  39  18:25  Marine x2  
  39  18:26  Marine x2  
Show
View Real Time Build Order
Export as new Build Order

NavyBlue Terran 

Build Orders:  

Get SALT Encoding   

Show
View Real Time Build Order
Export as new Build Order

MONTANA Protoss 

Build Orders:  

Get SALT Encoding   

  12  0:04  Probe (Chrono Boost)  
  13  0:14  Probe (Chrono Boost)  
  14  0:25  Probe (Chrono Boost)  
  15  0:37  Pylon  
  15  0:56  Probe (Chrono Boost)  
  16  0:59  Gateway  
  16  1:06  Probe (Chrono Boost)  
  16  1:10  Gateway  
  17  1:17  Probe (Chrono Boost)  
  18  1:27  Probe (Chrono Boost)  
  18  1:30  Pylon  
  19  1:38  Probe (Chrono Boost)  
  20  1:52  Nexus  
  20  2:02  Forge  
  20  2:11  Assimilator  
  20  2:15  Assimilator  
  20  2:26  Pylon  
  20  2:37  Photon Cannon  
  20  2:44  Photon Cannon  
  20  2:52  Probe (Chrono Boost)  
  20  2:54  Pylon  
  21  3:02  Probe (Chrono Boost)  
  22  3:06  Pylon  
  22  3:13  Probe (Chrono Boost)  
  22  3:19  Photon Cannon  
  23  3:23  Probe (Chrono Boost)  
  23  3:24  Cybernetics Core  
  24  3:33  Cybernetics Core  
  25  3:34  Probe (Chrono Boost)  
  25  3:40  Probe (Chrono Boost)  
  26  3:44  Probe (Chrono Boost)  
  27  3:51  Probe (Chrono Boost)  
  27  3:55  Probe (Chrono Boost)  
  29  4:01  Probe (Chrono Boost)  
  30  4:06  Mothership Core (Chrono Boost)  
  32  4:12  Probe (Chrono Boost)  
  33  4:22  Probe (Chrono Boost)  
  20  4:33  Probe (Chrono Boost)  
  21  4:39  Pylon  
  13  4:53  Photon Cannon  
  13  4:55  Photon Cannon  
  2  5:17  Probe (Chrono Boost)  
  3  5:28  Probe (Chrono Boost)  
  4  5:38  Probe (Chrono Boost)  
  5  5:49  Probe (Chrono Boost)  
  1  8:36  Nexus  
  1  8:43  Nexus  
  1  8:54  Pylon  
  1  9:18  Pylon  
  1  9:26  Pylon  
  1  9:53  Nexus  
  1  9:56  Photon Cannon  
  1  9:59  Photon Cannon  
  1  10:02  Photon Cannon  
  1  10:03  Photon Cannon  
  1  10:05  Probe (Chrono Boost)  
  2  10:15  Probe (Chrono Boost)  
  3  10:26  Probe (Chrono Boost)  
  4  10:36  Probe (Chrono Boost)  
  5  10:56  Probe (Chrono Boost)  
  6  11:07  Probe (Chrono Boost)  
  7  11:26  Probe (Chrono Boost)  
  2  13:19  Nexus  
Show
View Real Time Build Order
Export as new Build Order

WrathCrusade Protoss - Winner!

Build Orders:  

Get SALT Encoding   

  12  0:20  Probe (Chrono Boost)  
  13  0:22  Pylon  
  13  0:30  Probe (Chrono Boost)  
  14  0:44  Forge  
  14  0:48  Gateway  
  14  0:53  Probe (Chrono Boost)  
  15  1:03  Probe (Chrono Boost)  
  16  1:14  Probe (Chrono Boost)  
  17  1:19  Photon Cannon  
  17  1:27  Probe (Chrono Boost)  
  18  1:33  Assimilator  
  18  1:37  Pylon  
  18  1:38  Probe (Chrono Boost)  
  19  1:46  Assimilator  
  19  1:48  Probe (Chrono Boost)  
  19  1:53  Zealot  
  22  2:11  Probe (Chrono Boost), Pylon  
  23  2:20  Zealot  
  23  2:21  Probe (Chrono Boost)  
  26  2:24  Cybernetics Core  
  26  2:32  Probe (Chrono Boost)  
  27  2:45  Photon Cannon  
  27  3:08  Nexus  
  27  3:33  Stargate  
  27  3:37  Pylon  
  27  3:53  Assimilator  
  27  4:01  Assimilator  
  27  4:15  Stargate  
  27  4:28  Void Ray  
  31  4:39  Probe x2 (Chrono Boost)  
  33  4:50  Probe x2 (Chrono Boost)  
  35  4:53  Stargate  
  35  5:03  Probe (Chrono Boost)  
  36  5:09  Probe (Chrono Boost)  
  36  5:12  Void Ray  
  36  5:14  Probe (Chrono Boost), Void Ray  
  46  5:20  Probe (Chrono Boost)  
  47  5:39  Void Ray  
  51  5:50  Probe (Chrono Boost)  
  51  5:55  Probe (Chrono Boost)  
  53  6:01  Probe (Chrono Boost)  
  54  6:05  Probe (Chrono Boost)  
  55  6:11  Probe (Chrono Boost)  
  55  6:16  Probe (Chrono Boost)  
  57  6:29  Void Ray  
  61  6:53  Protoss Air Weapons Level 1 (Chrono Boost)  
  61  6:59  Protoss Shields Level 1  
  61  7:06  Twilight Council  
  61  8:18  Void Ray  
  61  8:33  Void Ray  
  60  8:35  Protoss Air Armor Level 1 (Chrono Boost)  
  60  9:08  Void Ray  
  60  9:13  Void Ray  
  60  9:23  Void Ray  
  60  9:38  Stalker  
  62  9:51  Void Ray  
  58  9:56  Void Ray  
  58  10:06  Void Ray  
  62  10:09  Stalker  
  50  10:29  Photon Cannon  
  50  10:31  Photon Cannon  
  50  10:35  Dark Shrine  
  37  11:00  Pylon  
  37  11:02  Forge  
  31  11:04  Pylon  
Show
View Real Time Build Order
Export as new Build Order

Jhyrachy Zerg - Winner!

Build Orders: Hatch First 

Get SALT Encoding   

  12  0:02  Drone  
  13  0:12  Drone  
  14  0:21  Overlord  
  14  0:39  Drone x3  
  17  0:58  Drone  
  17  1:00  Extractor  
  17  1:01  Hatchery  
  17  1:02  Drone  
  17  1:23  Spawning Pool  
  16  1:27  Drone x2  
  18  1:42  Drone  
  18  1:45  Overlord  
  19  2:07  Drone x2  
  21  2:10  Queen  
  21  2:13  Queen  
  21  2:14  Drone  
  26  2:20  Drone  
  26  2:21  Metabolic Boost  
  27  2:27  Drone  
  28  2:34  Drone  
  29  2:39  Drone x2, Evolution Chamber  
  30  2:49  Overlord  
  30  2:53  Pneumatized Carapace  
  30  3:06  Zergling x2  
  30  3:07  Zergling x4  
  33  3:24  Zergling x10  
  33  3:25  Zergling x8  
  42  3:42  Zergling x4  
  44  4:00  Zerg Melee Weapons Level 1  
  41  4:49  Lair  
  40  4:54  Extractor  
  37  5:16  Drone x3, Evolution Chamber  
  36  5:46  Drone x8  
  36  5:48  Hatchery  
  43  5:50  Extractor x2, Overlord x4  
  43  5:53  Zerg Ground Armor Level 1  
  41  6:36  Queen  
  43  6:40  Zerg Melee Weapons Level 2  
  43  6:44  Overlord x3  
  43  6:46  Drone, Infestation Pit  
  43  6:47  Drone x5  
  44  6:48  Drone x2  
  44  6:52  Drone x3  
  53  6:56  Drone  
  53  6:57  Drone x3  
  57  7:19  Drone  
  57  7:20  Drone x7  
  65  7:24  Extractor  
  65  7:25  Extractor  
  63  7:38  Hive  
  63  8:03  Zerg Ground Armor Level 2  
  63  8:13  Drone x6  
  63  8:14  Drone x2  
  71  8:29  Nydus Network  
  70  8:58  Spore Crawler  
  70  9:01  Hatchery  
  69  9:04  Ultralisk Cavern  
  69  9:06  Zerg Melee Weapons Level 3  
  68  9:18  Overlord  
  68  9:19  Overlord x5  
  68  9:20  Overlord x2  
  68  9:28  Queen  
  69  9:32  Hatchery  
  66  9:46  Evolution Chamber  
  66  9:48  Adrenal Glands  
  66  9:50  Chitinous Plating  
  65  9:55  Ultralisk x5  
  65  9:56  Ultralisk x2  
  107  10:18  Nydus Canal  
  107  10:25  Zerg Ground Armor Level 3  
  107  10:34  Overlord  
  107  10:35  Overlord x3  
  107  10:42  Zerg Missile Weapons Level 1  
  107  11:03  Zergling x2  
  108  11:04  Zergling x30  
  108  11:05  Zergling x12  
  129  11:34  Nydus Canal  
  129  11:35  Queen  
  131  11:46  Ultralisk x6  
  167  11:48  Zergling x2  
  167  11:49  Zergling x12  
  174  11:56  Zergling x6  
  174  11:57  Zergling x12  
  183  12:16  Zergling x2  
  183  12:17  Zergling x24  
  183  12:18  Zergling x6  
  199  12:31  Nydus Canal  
  199  12:58  Burrow  
  128  14:11  Hatchery  
  128  14:15  Hatchery  
  113  14:17  Hatchery  
  113  14:23  Zergling x12  
  113  14:24  Zergling x8  
  119  14:25  Zergling x8  
  119  14:26  Zergling x24  
  119  14:27  Zergling x4  
  119  14:31  Hatchery  
  137  14:58  Zergling x2  
  137  14:59  Zergling x36  
  149  15:07  Extractor  
  149  15:11  Extractor  
  143  15:33  Nydus Canal  
  141  16:11  Viper x3  
  134  16:12  Viper x15  
  180  17:24  Evolution Chamber  
  180  17:27  Evolution Chamber x2  
  167  18:10  Zergling x22  
  167  18:11  Zergling x38  
  170  19:34  Ultralisk Cavern  
  169  19:51  Zergling x6  
  169  19:52  Zergling x20  
Show
View Real Time Build Order
Export as new Build Order

Jagolas Protoss - Winner!

Build Orders:  

Get SALT Encoding   

  12  0:02  Probe (Chrono Boost)  
  13  0:13  Probe (Chrono Boost)  
  14  0:23  Probe (Chrono Boost)  
  15  0:36  Assimilator  
  15  0:45  Pylon  
  15  1:04  Probe (Chrono Boost)  
  16  1:13  Gateway  
  16  1:21  Forge  
  16  1:36  Assimilator  
  16  2:04  Pylon  
  16  2:24  Photon Cannon  
  16  2:29  Photon Cannon  
  16  2:33  Zealot  
  18  2:44  Cybernetics Core  
  18  2:47  Pylon  
  18  2:49  Probe (Chrono Boost)  
  19  3:00  Probe (Chrono Boost), Zealot  
  22  3:10  Probe (Chrono Boost)  
  23  3:14  Pylon  
  23  3:21  Probe (Chrono Boost)  
  24  3:31  Probe (Chrono Boost)  
  25  3:34  Sentry  
  25  3:37  Warp Gate (Chrono Boost)  
  27  4:00  Stalker  
  29  4:03  Stargate  
  29  4:30  Stalker  
  31  4:45  Stargate  
  31  4:56  Void Ray (Chrono Boost)  
  35  5:26  Pylon  
  35  5:35  Stalker  
  41  5:36  Void Ray (Chrono Boost)  
  41  6:06  Probe  
  41  6:09  Nexus  
  42  6:18  Probe  
  42  6:22  Assimilator  
  43  6:27  Assimilator  
  43  6:30  Probe, Pylon  
  44  6:42  Probe  
  44  6:43  Void Ray (Chrono Boost)  
  44  6:46  Void Ray (Chrono Boost)  
  53  7:07  Pylon  
  53  7:27  Probe  
  54  7:37  Probe  
  39  7:48  Probe  
  33  7:58  Probe  
  25  8:09  Probe  
  6  8:26  Probe  
  7  8:37  Probe  
  8  8:47  Probe  
  8  8:48  Forge  
  8  8:52  Gateway  
  9  8:56  Pylon  
  9  8:58  Probe  
  9  9:02  Pylon  
  10  9:08  Probe  
  11  9:19  Probe  
  12  9:29  Probe  
  13  9:40  Probe  
  14  9:47  Stargate  
  14  9:51  Probe  
  14  9:52  Stargate  
  15  10:01  Probe  
  16  10:12  Probe  
  16  10:22  Probe  
  15  10:33  Probe  
  13  10:43  Probe  
  8  12:51  Nexus  
  8  12:57  Pylon  
  8  13:03  Assimilator  
  8  13:08  Assimilator  
  8  13:20  Pylon  
  8  14:06  Probe  
  9  14:16  Probe  
  10  14:27  Probe  
  11  14:37  Probe  
  11  14:42  Forge  
  12  14:47  Gateway  
  12  14:48  Probe  
  13  14:55  Pylon  
  13  14:58  Probe  
  13  14:59  Pylon  
  14  15:09  Probe  
  15  15:24  Probe  
  16  15:35  Probe  
  17  15:45  Probe  
  18  15:52  Cybernetics Core  
  18  15:56  Probe  
  18  15:57  Zealot  
  21  16:06  Probe  
  22  16:17  Probe  
  22  16:21  Pylon  
  22  16:24  Zealot  
  25  16:27  Probe  
  25  16:32  Stargate  
  26  16:38  Probe  
  27  16:42  Stargate  
  27  16:47  Stargate  
  27  16:48  Probe  
  27  16:51  Assimilator  
  28  16:58  Pylon  
  28  17:02  Stargate  
  28  17:06  Pylon  
  28  17:18  Probe  
  29  17:28  Probe  
  33  17:31  Void Ray (Chrono Boost)  
  38  17:37  Void Ray (Chrono Boost)  
  38  17:39  Probe  
  39  17:49  Probe  
  40  18:00  Probe  
  40  18:03  Void Ray (Chrono Boost)  
  45  18:10  Probe  
  45  18:12  Void Ray (Chrono Boost)  
  50  18:22  Probe  
  51  18:34  Probe  
  56  18:41  Void Ray (Chrono Boost)  
  56  18:55  Void Ray (Chrono Boost)  
  60  19:00  Probe  
  61  19:12  Probe  
  66  19:19  Void Ray (Chrono Boost)  
  66  19:22  Void Ray (Chrono Boost)  
  70  19:24  Probe  
  71  19:36  Pylon  
  71  19:40  Pylon  
  71  19:45  Pylon  
  71  19:54  Probe  
Show
View Real Time Build Order
Export as new Build Order

Peta Protoss - Winner!

Build Orders:  

Get SALT Encoding   

  12  0:02  Probe (Chrono Boost)  
  14  0:14  Probe (Chrono Boost)  
  14  0:21  Pylon  
  14  0:26  Probe (Chrono Boost)  
  15  0:39  Probe (Chrono Boost)  
  16  0:49  Probe (Chrono Boost)  
  17  1:00  Probe (Chrono Boost)  
  18  1:08  Nexus  
  18  1:10  Probe (Chrono Boost)  
  19  1:20  Pylon  
  19  1:21  Probe (Chrono Boost)  
  20  1:28  Assimilator  
  20  1:33  Assimilator  
  20  1:42  Probe (Chrono Boost), Pylon  
  21  1:52  Probe (Chrono Boost)  
  22  2:00  Gateway  
  22  2:03  Probe (Chrono Boost)  
  23  2:13  Probe (Chrono Boost)  
  24  2:20  Assimilator  
  24  2:24  Probe (Chrono Boost)  
  24  2:28  Probe (Chrono Boost)  
  26  2:34  Probe (Chrono Boost)  
  27  2:38  Probe (Chrono Boost)  
  27  2:39  Assimilator  
  28  2:45  Probe (Chrono Boost)  
  28  2:48  Forge  
  29  2:53  Pylon  
  29  2:54  Probe (Chrono Boost)  
  29  2:55  Probe (Chrono Boost)  
  31  3:06  Probe (Chrono Boost)  
  31  3:07  Zealot, Gateway  
  31  3:11  Probe (Chrono Boost)  
  35  3:17  Probe (Chrono Boost)  
  36  3:22  Probe (Chrono Boost)  
  36  3:26  Gateway  
  37  3:27  Probe (Chrono Boost)  
  37  3:32  Cybernetics Core  
  37  3:34  Protoss Shields Level 1  
  38  3:38  Probe x2 (Chrono Boost)  
  42  3:48  Probe x2 (Chrono Boost)  
  42  3:59  Probe (Chrono Boost)  
  43  4:06  Zealot x2  
  47  4:14  Stargate  
  47  4:17  Stargate  
  47  4:19  Stargate  
  47  4:28  Mothership Core (Chrono Boost)  
  49  4:33  Zealot x2  
  53  4:38  Pylon  
  53  4:41  Pylon  
  53  4:45  Pylon  
  53  5:00  Photon Cannon, Zealot  
  53  5:01  Protoss Air Weapons Level 1 (Chrono Boost)  
  53  5:02  Photon Cannon  
  53  5:05  Photon Cannon  
  55  5:12  Void Ray  
  59  5:24  Fleet Beacon  
  59  5:32  Void Ray  
  59  5:34  Void Ray  
  67  5:43  Photon Cannon  
  67  5:46  Photon Cannon  
  67  6:03  Zealot x2  
  71  6:07  Void Ray  
  75  6:14  Void Ray  
  79  6:30  Zealot x2  
  83  6:43  Protoss Air Armor Level 1 (Chrono Boost)  
  83  6:51  Pylon  
  83  6:53  Pylon  
  83  6:55  Pylon  
  83  6:57  Zealot  
  83  6:58  Pylon  
  85  7:02  Pylon  
  85  7:03  Protoss Ground Weapons Level 1, Pylon  
  85  7:09  Void Ray, Zealot  
  85  7:10  Void Ray, Pylon  
  85  7:12  Pylon  
  95  7:24  Zealot  
  95  7:28  Void Ray  
  101  7:36  Zealot  
  103  7:47  Nexus  
  103  7:51  Void Ray, Zealot  
  103  7:57  Pylon  
  109  8:00  Pylon  
  109  8:03  Zealot  
  111  8:06  Assimilator  
  111  8:10  Assimilator  
  109  8:17  Protoss Air Weapons Level 2 (Chrono Boost)  
  109  8:18  Zealot  
  75  8:30  Zealot  
  75  8:32  Void Ray x2  
  79  8:34  Void Ray  
  83  8:42  Photon Cannon  
  83  8:43  Photon Cannon  
  83  8:45  Photon Cannon  
  83  8:47  Photon Cannon  
  83  8:49  Photon Cannon  
  83  8:50  Photon Cannon  
  83  9:15  Void Ray (Chrono Boost)  
  83  9:16  Void Ray (Chrono Boost)  
  91  9:38  Void Ray (Chrono Boost)  
  95  9:57  Void Ray (Chrono Boost)  
  99  10:00  Protoss Air Armor Level 2  
  99  10:11  Void Ray (Chrono Boost)  
  107  10:22  Void Ray (Chrono Boost)  
  107  10:34  Void Ray (Chrono Boost)  
  111  10:48  Void Ray (Chrono Boost)  
  119  11:05  Void Ray (Chrono Boost)  
  119  11:12  Void Ray (Chrono Boost)  
  123  11:25  Void Ray (Chrono Boost)  
  127  11:48  Void Ray (Chrono Boost)  
  127  11:49  Void Ray (Chrono Boost)  
  115  12:02  Void Ray (Chrono Boost)  
  109  12:13  Zealot, Stalker  
  113  12:26  Void Ray (Chrono Boost)  
  121  12:31  Void Ray (Chrono Boost)  
  117  12:40  Void Ray (Chrono Boost), Stalker  
  117  12:43  Stalker  
  97  13:04  Carrier (Chrono Boost)  
  103  13:10  Stalker  
  93  13:13  Void Ray (Chrono Boost), Stalker  
  93  13:17  Void Ray (Chrono Boost)  
  77  13:40  Stalker  
  79  13:43  Stalker  
  81  13:54  Void Ray (Chrono Boost)  
  85  13:56  Void Ray (Chrono Boost)  
  85  14:02  Stargate  
  75  14:04  Stargate  
  75  14:10  Stalker  
  75  14:13  Stalker  
  75  14:16  Probe  
  80  14:17  Pylon  
  80  14:18  Void Ray (Chrono Boost)  
  84  14:28  Probe  
  89  14:31  Void Ray (Chrono Boost)  
  93  14:39  Void Ray (Chrono Boost)  
  93  14:40  Probe  
  94  14:55  Void Ray (Chrono Boost)  
  106  15:05  Void Ray (Chrono Boost)  
  106  15:06  Void Ray (Chrono Boost)  
  106  15:08  Void Ray (Chrono Boost), Mothership Core  
  116  15:22  Void Ray (Chrono Boost)  
  116  15:32  Void Ray (Chrono Boost)  
  124  15:52  Void Ray (Chrono Boost)  
  124  16:01  Protoss Air Weapons Level 3  
  128  16:05  Void Ray (Chrono Boost)  
  138  16:38  Void Ray (Chrono Boost)  
  138  17:01  Void Ray (Chrono Boost)  
  146  17:10  Void Ray (Chrono Boost)  
  146  17:22  Void Ray (Chrono Boost)  
  150  17:34  Void Ray (Chrono Boost)  
  122  18:11  Void Ray (Chrono Boost)  
  106  19:17  Void Ray x2 (Chrono Boost), Zealot x2  
Tags
 
Add a new tag
Caveats
  • Supply blocks, unpowered buildings, or Contaminate may cause inaccurate times.
  • Supply counts are checked every 10 seconds.